 Dungeon Crawl Stone Soup version 0.29-a0-392-g297d3b089c (webtiles) character file.

Game seed: 18302309034937548404

6355 bande the Cleaver (level 10, -4/69 HPs)
             Began as a Gargoyle Fighter on May 8, 2022.
             Was a Believer of Okawaru.
             Slain by Maurice
             ... wielding a +4 dagger of distortion
              (16 damage)
             ... on level 8 of the Dungeon.
             The game lasted 00:18:24 (11432 turns).

bande the Cleaver (Gargoyle Fighter)               Turns: 11432, Time: 00:18:25

Health: -4/69      AC: 28    Str: 20    XL:     10   Next: 96%
Magic:  12/12      EV: 10    Int:  9    God:    Okawaru [**....]
Gold:   404        SH:  5    Dex: 13    Spells: 9/9 levels left

rFire   . . .      SeeInvis .   a - +0 war axe (elec)
rCold   . . .      Faith    .   c - +0 buckler
rNeg    + . .      Spirit   .   n - +0 plate armour
rPois   ∞          Reflect  .   m - +2 hat
rElec   +          Harm     .   A - +0 cloak
rCorr   .          Rampage  .   x - +0 pair of gloves
Will    +....                   j - +1 pair of boots
Stlth   ..........              (no amulet)
HPRegen 0.21/turn               z - +4 ring of evasion
MPRegen 0.13/turn               h - ring of willpower

@: no status effects
A: sickness immunity, AC +7, negative energy resistance 1, electricity
resistance, torment resistance 1, petrification resistance, robust 1
a: Renounce Religion, Heroism


You were on level 8 of the Dungeon.
You worshipped Okawaru.
Okawaru was pleased with you.
You visited 2 branches of the dungeon, and saw 9 of its levels.

You collected 404 gold pieces.

Inventory:

Hand Weapons
 a - a +0 war axe of electrocution (weapon)
 p - a +3 flail of holy wrath
Armour
 c - a +0 buckler (worn)
 j - a +1 pair of boots (worn)
 m - a +2 hat (worn)
 n - a +0 plate armour (worn)
 x - a +0 pair of gloves (worn)
 A - a +0 cloak (worn)
Jewellery
 d - a +6 ring of dexterity
 h - a ring of willpower (right hand)
 k - a ring of ice
 z - a +4 ring of evasion (left hand)
 B - a +6 ring of strength
 J - an amulet of the acrobat
Wands
 u - a wand of acid (5)
 D - a wand of polymorph (2)
Scrolls
 e - 3 scrolls of fog
 o - a scroll of fear
 s - a scroll of poison
 v - a scroll of magic mapping
 C - a scroll of amnesia
 E - a scroll of teleportation
 F - a scroll of enchant armour
 G - a scroll of brand weapon
 I - a scroll of identify
Potions
 g - a potion of cancellation
 l - 3 potions of mutation
 t - 2 potions of flight
 w - a potion of attraction {unknown}
 H - a potion of brilliance {unknown}


   Skills:
 + Level 7.4 Fighting
 + Level 10.1 Axes
 + Level 8.3 Armour
 - Level 0.5 Stealth
 + Level 6.6 Shields
 * Level 3.6 Invocations
 * Level 4.1 Evocations


You had 9 spell levels left.
You didn't know any spells.
Your spell library contained the following spells:

 Spells                   Type           Power      Damage    Failure   Level
 Foxfire                  Conj/Fire      0%         2x1d4     100%        1
 Slow                     Hex            0%         N/A       100%        1
 Scorch                   Fire           0%         2d5       100%        2
 Confusing Touch          Hex            0%         N/A       100%        3
 Conjure Flame            Conj/Fire      0%         6-21      100%        3
 Inner Flame              Hex/Fire       0%         N/A       100%        3
 Portal Projectile        Hex/Tloc       0%         N/A       100%        3
 Vampiric Draining        Necr           0%         2d6       100%        3
 Flame Wave               Conj/Fire      0%         2d4       100%        4
 Leda's Liquefaction      Hex/Erth       0%         N/A       100%        4
 Storm Form               Tmut/Air       0%         N/A       100%        7
 Maxwell's Capacitive Co  Air            0%         ∞         100%        8
 Call Canine Familiar     Summ           Unusable   N/A       N/A         3
 Summon Lightning Spire   Summ/Air       Unusable   N/A       N/A         4
 Summon Cactus Giant      Summ           Unusable   N/A       N/A         6

Dungeon Overview and Level Annotations

Branches:
Dungeon (8/15)             Temple (1/1) D:7
   Lair: D:8-11

Altars:
Cheibriados
Dithmenos
Elyvilon
Fedhas
Gozag
Hepliaklqana
Kikubaaqudgha
Makhleb
Nemelex Xobeh
Okawaru
Qazlal
Ru
Sif Muna
Trog
Vehumet
Wu Jian
Xom
Zin
The Shining One

Annotations:
D:8 Maurice


Innate Abilities, Weirdness & Mutations

You are immune to sickness and miasma.
Your stone body is resilient. (AC +7)
You are immune to poison.
You resist negative energy. (rN+)
You are resistant to electric shocks. (rElec)
You are resistant to unholy torment.
You are immune to petrification.
You are robust. (+10% HP)


Message History

Maurice is almost dead.
Maurice looks sneaky.
Maurice hits you with a +4 dagger of distortion.
Maurice steals your potion of haste! Space warps horribly around you!
You hit Maurice.
Maurice is almost dead.
Maurice drinks a potion.
Maurice seems to speed up.
You barely miss Maurice.
Maurice is almost dead.
Maurice casts a spell.
Maurice puts on a burst of speed!
You barely miss Maurice.
Maurice is almost dead.
Maurice hits you with a +4 dagger of distortion.
Maurice steals your potion of resistance!
You blink.
Maurice drinks a potion.
Maurice suddenly seems more resistant.
Maurice unwields a +4 dagger of distortion.
Its appearance distorts for a moment.
Maurice wields the +11 shortbow "Teopy" {freeze, rPois Int+2}.
It is covered in frost.
Maurice shoots an arrow.
The arrow completely misses you.
Maurice shoots an arrow.
The arrow closely misses you.
Maurice shoots an arrow.
The arrow hits you! The arrow freezes you.
Maurice shoots an arrow.
The arrow hits you but does no damage.
You closely miss Maurice.
Maurice is almost dead.
Maurice casts a spell.
Maurice blinks!
Maurice shoots an arrow.
You block the arrow.
Maurice shoots an arrow.
The arrow hits you but does no damage.
Maurice gestures wildly while chanting.
Maurice blinks!
Maurice unwields the +11 shortbow "Teopy" {freeze, rPois Int+2}.
Maurice wields a +4 dagger of distortion.
Its appearance distorts for a moment.
You block Maurice's attack.
You hit Maurice but do no damage.
Maurice is almost dead.
Maurice hits you but does no damage. Space warps horribly around you!
* * * LOW HITPOINT WARNING * * *
Maurice hits you but does no damage. Space warps horribly around you!
You die...

#.## ##.## #..# #..#
##.# #... #.# #... #.#
##.. #############.#
### #>.........##.# #
#....@.....##.# #
#....@.....##.###
#.<........##...#####
#..........####.....##
#..........####.......
#....(.........)...(##
#########...###[#####
###.# #.###### #.#
#......# #.#####.##..


You could see Maurice (fast, swift, resistant).

Vanquished Creatures
  2 two-headed ogres
  The ghost of holysushi the Slicer, a novice KoMo of Kikubaaqudgha (D:5)
  Maggie (D:7)
  Psyche (D:8)
  Grinder (D:3)
  A wyvern (D:8)
  A yak (D:7)
  A steam dragon (Temple)
  Menkaure (D:5)
  2 water moccasins (D:7)
  Pargi (D:3)
  5 orc warriors
  4 ice beasts
  2 ogres
  2 black bears
  A sky beast (D:7)
  A centaur (D:7)
  2 phantoms
  A kobold brigand (D:5)
  2 bullfrogs
  2 necrophages
  4 scorpions
  A wight (D:7)
  A howler monkey (D:4)
  2 quasits (D:5)
  2 hounds
  2 jellies (D:6)
  Crazy Yiuf (D:6)
  7 orc priests
  Jessica (D:3)
  2 iguanas
  12 orc wizards
  Robin (D:3)
  12 adders
  2 white imps (D:7)
  An ufetubus (D:7)
  3 worms
  A dart slug (D:4)
  32 orcs
  6 endoplasms
  3 giant cockroaches
  18 goblins
  10 hobgoblins
  2 jackals (D:1)
  7 kobolds
  A quokka (D:1)
  8 ball pythons
  3 bats
  3 frilled lizards
  6 rats
189 creatures vanquished.

Notes
Turn   | Place    | Note
-------+----------+-------------------------------------------
     0 | D:1      | bande the Gargoyle Fighter began the quest for the Orb.
     0 | D:1      | Reached XP level 1. HP: 14/14 MP: 1/1
    48 | D:1      | Found a faded altar of an unknown god.
    49 | D:1      | Noticed a golden eye
    51 | D:1      | Noticed a floating eye
    51 | D:1      | Noticed a golden eye
    51 | D:1      | Noticed a floating eye
   379 | D:1      | Reached XP level 2. HP: 17/19 MP: 2/2
   560 | D:1      | Reached skill level 2 in Axes
  1023 | D:1      | Reached XP level 3. HP: 23/23 MP: 3/3
  2241 | D:3      | Noticed Robin
  2247 | D:3      | Noticed Grinder
  2259 | D:3      | Killed Robin
  2260 | D:3      | Reached XP level 4. HP: 23/29 MP: 4/4
  2269 | D:3      | Killed Grinder
  2270 | D:3      | Reached skill level 4 in Axes
  2270 | D:3      | Reached XP level 5. HP: 23/33 MP: 5/5
  2270 | D:3      | Reached XP level 6. HP: 26/38 MP: 6/6
  2524 | D:3      | Noticed Jessica
  2530 | D:3      | Killed Jessica
  2905 | D:3      | Noticed Pargi
  2926 | D:3      | Killed Pargi
  2927 | D:3      | Reached XP level 7. HP: 35/44 MP: 7/7
  3669 | D:4      | Reached skill level 5 in Axes
  3875 | D:4      | Reached skill level 5 in Armour
  4108 | D:4      | Reached skill level 5 in Fighting
  4240 | D:4      | Reached skill level 6 in Axes
  4240 | D:4      | Reached XP level 8. HP: 49/49 MP: 8/8
  4950 | D:5      | Entered Level 5 of the Dungeon
  4951 | D:5      | Gained mutation: You are robust. (+10% HP) [potion of
                  | mutation]
  4987 | D:5      | Noticed holysushi's ghost (novice KoMo)
  5257 | D:5      | Noticed Menkaure
  5261 | D:5      | Reached skill level 7 in Axes
  5268 | D:5      | Killed Menkaure
  5718 | D:5      | Found a transporter.
  5737 | D:5      | Found a transporter.
  6275 | D:5      | Killed holysushi's ghost
  6276 | D:5      | Reached skill level 8 in Axes
  6276 | D:5      | Reached skill level 5 in Shields
  6276 | D:5      | Reached XP level 9. HP: 42/60 MP: 9/9
  6367 | D:5      | Identified the +11 shortbow "Teopy" {freeze, rPois Int+2}
  6536 | D:6      | Found a blossoming altar of Fedhas.
  6782 | D:6      | Reached skill level 1 in Evocations
  7119 | D:6      | Found a white marble altar of Elyvilon.
  7258 | D:6      | Identified the +4 hand axe "Cimisywi" {protect, rC+ rN+}
  7484 | D:6      | Found a runed translucent door.
  7485 | D:6      | Noticed Crazy Yiuf
  7788 | D:6      | Killed Crazy Yiuf
  7944 | D:7      | Noticed Maggie
  7963 | D:7      | Killed Maggie
  8185 | D:7      | Reached skill level 9 in Axes
  8374 | D:7      | Found a staircase to the Ecumenical Temple.
  8384 | Temple   | Entered the Ecumenical Temple
  8417 | Temple   | Became a worshipper of Warmaster Okawaru
  8599 | D:7      | Reached XP level 10. HP: 67/67 MP: 10/10
  8674 | D:7      | Found a shimmering blue altar of Sif Muna.
  8754 | D:7      | Noticed a two-headed ogre
  8759 | D:7      | Reached skill level 1 in Invocations
  8772 | D:7      | Killed a two-headed ogre
  9444 | D:7      | Reached * piety under Okawaru
  9494 | D:7      | Identified the +9 spear "Waloaf" {vorpal, rPois rC- Str+3}
 10548 | D:8      | Noticed a two-headed ogre
 10556 | D:8      | Killed a two-headed ogre
 10556 | D:8      | Reached ** piety under Okawaru
 10557 | D:8      | Reached skill level 10 in Axes
 10976 | D:8      | Noticed Maurice
 10976 | D:8      | Noticed Psyche
 10992 | D:8      | Paralysed by something for 5 turns
 11017 | D:8      | Killed Psyche
 11432 | D:8      | Slain by Maurice

Illustrated notes

Levels and vault maps discovered:
D:1:      minmay_arrival_solitary_statue, layout_loops_ring,
          hellmonk_ecumenical_altar_watching_god, skrybe_limestone_x,
          minivault_5
D:2:      layout_loops_corners
D:3:      layout_loops_ring, uniq_robin, uniq_grinder, uniq_pargi, uniq_jessica
D:4:      layout_loops_corners, minmay_misc_feat_encased,
          minmay_fractal_squares_diagonal_5
D:5:      layout_basic, gammafunk_ghost_stat_death, uniq_menkaure
D:6:      layout_layer_cave, nicolae_elyvilon_peaceful_grove,
          mainiacjoe_overflow_boulevard, uniq_crazy_yiuf_cottage
D:7:      minmay_clustersquares, layout_loops_ring, led_sif_book,
          minmay_temple_entry_sparse_star, uniq_maggie
D:8:      layout_rooms, minmay_three_doors, uniq_psyche, uniq_maurice
Temple:   lightli_temple_of_artemis

Skill      XL: |  1  2  3  4  5  6  7  8  9 10 |
---------------+-------------------------------+-----
Axes           | 2 4 6 8 9 10 | 10.1
Fighting       | 4 5 6 7 |  7.4
Armour         | 4 5 6 7 8 |  8.3
Shields        | 4 5 6 |  6.6
Evocations     | 2 4 |  4.1
Invocations    | 3 |  3.6
Stealth        | |  0.5

Action                   |  1- 3 |  4- 6 |  7- 9 | 10-12 || total
-------------------------+-------+-------+-------+-------++-------
Melee: War axe           |    92 |    70 |   354 |   178 ||   694
Invok: Heroism           |       |       |       |     1 ||     1
  Use: Scroll            |     7 |       |     8 |     2 ||    17
       Potion            |     2 |       |     2 |     6 ||    10
Armor: Scale mail        |    26 |       |       |       ||    26
       Plate armour      |    32 |    81 |   211 |   113 ||   437
Dodge: Dodged            |    46 |    28 |   110 |    67 ||   251
Block: Buckler           |    30 |    15 |    86 |    55 ||   186

Table legend: (Time is in decaauts)
 A = Elapsed time spent in this place.
 B = Non-inter-level travel time spent in this place.
 C = Inter-level travel time spent in this place.
 D = Time resting spent in this place.
 E = Time spent auto-exploring this place.
 F = Levels seen in this place.
 G = Mean time per level.
                   A        B        C        D        E       F      G
               +--------+--------+--------+--------+--------+-----+--------+
         Total |  11571 |  11270 |    301 |   2531 |   6489 |   9 | 1285.7 |
       Dungeon |  10813 |  10522 |    291 |   1995 |   6338 |   8 | 1351.6 |
        Temple |    757 |    747 |     10 |    536 |    151 |   1 |  757.0 |
               +--------+--------+--------+--------+--------+-----+--------+

Top non-repeatable levels by time:
     D:7: 1817 daAuts
     D:1: 1493 daAuts
     D:5: 1465 daAuts
     D:6: 1463 daAuts
     D:3: 1455 daAuts
     D:4: 1326 daAuts
     D:8: 1024 daAuts
     D:2: 768 daAuts
  Temple: 757 daAuts
